[Event "WCCC U12 2019"]
[Site "Weifang"]
[Date "2019.08.29"]
[Round "8.3"]
[White "Navumenka, Mikhei"]
[Black "Chen, Jonathan"]
[Result "1/2-1/2"]
[ECO "E04"]
[WhiteElo "2148"]
[BlackElo "1948"]
[Annotator "ChessBase"]
[PlyCount "75"]
[EventDate "2019.08.21"]
[EventType "swiss"]
[EventCountry "CHN"]
[SourceTitle "playchess.com"]
[Source "ChessBase"]
[SourceQuality "1"]
[TimeControl "40/5400+30:1800+30"]

1. d4 Nf6 2. Nf3 e6 3. c4 d5 4. g3 dxc4 5. Bg2 a6 6. a4 c5 7. O-O Nc6 8. Na3 cxd4 9. Nxc4 Be7 10. Bf4 O-O 11. Nce5 Qb6 12. Rc1 Nd5 13. Nxc6 bxc6 14. Nxd4 Bb7 15. Qb3 Bb4 16. Nc2 Nxf4 17. gxf4 c5 18. a5 Qa7 19. Nxb4 Bxg2 20. Kxg2 Qb7+ 21. f3 cxb4 22. Rc4 Rab8 23. Rc5 Rfc8 24. Rfc1 Rxc5 25. Rxc5 h6 26. Qc4 b3 27. Rc6 Qb4 28. Rc8+ Kh7 29. Qd3+ g6 30. Rxb8 Qxb8 31. Qxa6 Qxf4 32. Qb7 Qg5+ 33. Kf2 Qc5+ 34. Kg2 Qg5+ 35. Kf2 Qc5+ 36. Kg2 Qg5+ 37. Kf2 Qc5+ 38. Kg2 1/2-1/2

[Event "WCCC U12 2019"]
[Site "Weifang"]
[Date "2019.08.29"]
[Round "8.4"]
[White "Ochirbat, Lkhagvajamts"]
[Black "Bai, Changlin"]
[Result "1-0"]
[ECO "D85"]
[WhiteElo "2137"]
[BlackElo "1752"]
[Annotator "ChessBase"]
[PlyCount "71"]
[EventDate "2019.08.21"]
[EventType "swiss"]
[EventCountry "CHN"]
[SourceTitle "playchess.com"]
[Source "ChessBase"]
[SourceQuality "1"]
[TimeControl "40/5400+30:1800+30"]

1. d4 Nf6 2. c4 g6 3. Nc3 d5 4. cxd5 Nxd5 5. e4 Nxc3 6. bxc3 Bg7 7. h3 c5 8. Nf3 Qa5 9. Bd2 O-O 10. Qb3 e6 11. Rb1 cxd4 12. cxd4 Qd8 13. Bc3 b6 14. Bd3 Bb7 15. O-O Nc6 16. Rfd1 Re8 17. Bb5 a6 18. Bxc6 Bxc6 19. d5 Bd7 20. Bxg7 Kxg7 21. dxe6 Rxe6 22. Qd5 Ra7 23. Ne5 Rxe5 24. Qxe5+ f6 25. Qd4 Rb7 26. e5 Qe7 27. exf6+ Qxf6 28. Qxf6+ Kxf6 29. Rd6+ Ke5 30. Rdxb6 Rc7 31. Rxa6 Rc2 32. Re1+ Kf5 33. a4 Ra2 34. a5 Bb5 35. Rae6 Ra1 36. g4+ 1-0

[Event "WCCC U12 2019"]
[Site "Weifang"]
[Date "2019.08.29"]
[Round "8.5"]
[White "Dang, Anh Minh"]
[Black "Shahil Dey"]
[Result "1-0"]
[ECO "B41"]
[WhiteElo "1891"]
[BlackElo "2207"]
[Annotator "ChessBase"]
[PlyCount "119"]
[EventDate "2019.08.21"]
[EventType "swiss"]
[EventCountry "CHN"]
[SourceTitle "playchess.com"]
[Source "ChessBase"]
[SourceQuality "1"]
[TimeControl "40/5400+30:1800+30"]

1. e4 c5 2. Nf3 e6 3. d4 cxd4 4. Nxd4 a6 5. c4 Nf6 6. Nc3 Qc7 7. Qd3 b6 8. Qg3 d6 9. Be3 Bb7 10. f3 Nbd7 11. Rc1 g6 12. Be2 Bg7 13. O-O O-O 14. Rfd1 Rac8 15. Nb3 Ne8 16. Rd2 Qb8 17. Rcd1 Bc6 18. Qf2 Bf6 19. Bh6 Bg7 20. Bxg7 Kxg7 21. Nd4 Ba8 22. Nc2 Ne5 23. Ne3 Rd8 24. f4 Nd7 25. e5 Nc5 26. b4 Nb7 27. Ng4 dxe5 28. Nxe5 Qc7 29. Rxd8 Nxd8 30. Nd7 Rg8 31. Nxb6 Bc6 32. c5 Bb7 33. a4 Nf6 34. b5 axb5 35. axb5 Be4 36. Nxe4 Nxe4 37. Qd4+ e5 38. Qxe4 Qxc5+ 39. Kf1 Qxb6 40. Qxe5+ Qf6 41. Qxf6+ Kxf6 42. b6 Ne6 43. g3 Rb8 44. Rb1 Ke7 45. Bf3 Nc5 46. b7 Kd7 47. Rb6 Ne6 48. Kf2 Nd8 49. Ke3 Kc7 50. Rf6 Kd7 51. Bd5 Ke7 52. Ra6 Kd7 53. Kd4 Ne6+ 54. Bxe6+ fxe6 55. Rb6 Kc7 56. Rxe6 Kxb7 57. Re7+ Kc6 58. Rxh7 Re8 59. Ra7 Re2 60. h4 1-0

[Event "WCCC U12 2019"]
[Site "Weifang"]
[Date "2019.08.29"]
[Round "8.6"]
[White "Wu, David Tai-Wei"]
[Black "Wang, Alex Yuxuan"]
[Result "0-1"]
[ECO "D87"]
[WhiteElo "2083"]
[BlackElo "1713"]
[Annotator "NA"]
[PlyCount "78"]
[EventDate "2019.08.21"]
[EventType "swiss"]
[EventCountry "CHN"]
[SourceTitle "playchess.com"]
[Source "ChessBase"]
[SourceQuality "1"]
[TimeControl "40/5400+30:1800+30"]

1. d4 Nf6 2. c4 g6 3. Nc3 d5 4. cxd5 Nxd5 5. e4 Nxc3 6. bxc3 Bg7 7. Bc4 c5 8. Ne2 Nc6 9. Be3 O-O 10. O-O Qc7 11. Rc1 b6 12. f4 e6 13. Kh1 Na5 14. Bd3 f5 15. e5 c4 16. Bc2 Bb7 17. h3 Qd7 18. Bf2 b5 19. Rb1 Qd5 20. Rg1 Nc6 21. a4 a6 22. Bh4 Rf7 23. Kh2 h5 24. Qe1 Kh7 25. g4 hxg4 26. hxg4 Rh8 27. gxf5 gxf5 28. Rg5 Bh6 29. Rg3 Ne7 30. Qf2 Ng6 31. Bf6 Bg7 32. Rh3+ Kg8 33. Rg1 Rxh3+ 34. Kxh3 Bxf6 35. Rxg6+ Rg7 36. Rxg7+ Bxg7 37. Ng3 a5 38. axb5 Qxb5 39. Nh5 Qd5 0-1

[Event "WCCC U12 2019"]
[Site "Weifang"]
[Date "2019.08.29"]
[Round "8.7"]
[White "Wang, Xiaozhi"]
[Black "Volkov, Maksim"]
[Result "0-1"]
[ECO "D00"]
[WhiteElo "1719"]
[BlackElo "1969"]
[Annotator "NA"]
[PlyCount "124"]
[EventDate "2019.08.21"]
[EventType "swiss"]
[EventCountry "CHN"]
[SourceTitle "playchess.com"]
[Source "ChessBase"]
[SourceQuality "1"]
[TimeControl "40/5400+30:1800+30"]

1. d4 d5 2. Bf4 e6 3. e3 Bd6 4. Bg3 Ne7 5. Nf3 O-O (5... c5 6. c3 Nbc6 7. Nbd2 Nf5 8. Bxd6 Qxd6 9. Bd3 Nfe7 10. O-O O-O 11. Re1 h6 12. e4 cxd4 {0-1 (37) Grischuk,A (2781)-Topalov,V (2798) Stavanger 2015}) 6. c4 {[%emt 0:03:08] D00: 1 d4 d5: Unusual lines} b6 $146 ({Predecessor:} 6... Nbc6 7. Nc3 Bd7 8. a3 a6 9. Qc2 dxc4 10. Bxc4 Nf5 11. O-O Nxg3 12. hxg3 e5 {½-½ (21) Sorcinelli,A (2106)-Janosi,E (2138) LSS email 2012}) 7. Nc3 Bb7 8. Bd3 Nd7 9. O-O Nf6 10. Rc1 a6 11. cxd5 exd5 12. Qc2 c5 13. b3 Rc8 14. Qe2 b5 15. Bxd6 Qxd6 16. dxc5 Rxc5 17. Qd2 Rcc8 18. Ne2 Rcd8 19. Nfd4 b4 20. Rc2 a5 21. Rfc1 Rc8 22. Nb5 Qb6 23. Ned4 Rxc2 24. Rxc2 Rc8 25. Ne2 Ng6 26. Nbd4 Ne5 27. Rxc8+ Bxc8 28. Bc2 g6 29. Nf4 Ba6 30. h3 Qc7 31. Nde2 g5 32. Nd3 Ne4 33. Qd1 Nd7 34. Ne1 Nef6 35. Nf3 h6 36. Ng3 g4 37. hxg4 Nxg4 38. Nf5 Ndf6 39. g3 h5 40. Nh2 Ne5 41. f4 Neg4 42. Nxg4 hxg4 43. Qd2 $11 Bc8 44. Qd3 Ne4 45. Nd4 Qb6 46. Kg2 Qh6 47. Ne2 Qh3+ 48. Kg1 Nxg3 49. Nxg3 Qxg3+ 50. Kf1 Qh3+ 51. Ke1 Qh1+ 52. Kd2 g3 53. Qb5 Qh2+ 54. Kc1 Qh5 55. Qe8+ Kg7 56. f5 g2 57. Qe5+ f6 58. Qc7+ Bd7 59. Qxd7+ Qf7 60. Qd6 g1=Q+ 61. Kb2 Qxe3 62. Qc6 Qc3+ 0-1

[Event "WCCC U12 2019"]
[Site "Weifang"]
[Date "2019.08.29"]
[Round "8.8"]
[White "Xue, Haowen"]
[Black "Ji, Jiadong"]
[Result "0-1"]
[ECO "B18"]
[WhiteElo "1917"]
[BlackElo "1703"]
[Annotator "NA"]
[PlyCount "142"]
[EventDate "2019.08.21"]
[EventType "swiss"]
[EventCountry "CHN"]
[SourceTitle "playchess.com"]
[Source "ChessBase"]
[SourceQuality "1"]
[TimeControl "40/5400+30:1800+30"]

1. e4 c6 2. d4 d5 3. Nc3 dxe4 4. Nxe4 Bf5 5. Ng3 Bg6 6. Nh3 h6 7. Nf4 Bh7 8. Bc4 Nf6 9. O-O {[%emt 0:01:53] B18: Classical Caro-Kann: 4...Bf5 sidelines} Na6 10. Ngh5 $146 ({Predecessor:} 10. c3 Nc7 11. Qb3 e6 12. Qxb7 Qd7 13. Ngh5 Nfd5 14. Nxd5 cxd5 15. Bb5 Qxb5 16. Qxc7 Qb6 {1-0 (46) Lugovskoy,M (2489)-Mikhailov,S (2304) Taganrog 2016}) 10... e6 11. Bxe6 fxe6 12. Nxe6 Qd5 13. Qe2 Kf7 14. Nhf4 Qe4 15. Qc4 Nd5 16. Qb3 Rb8 17. c4 Nxf4 18. Bxf4 Qxe6 19. Bxb8 Nxb8 20. Qxb7+ Be7 21. d5 cxd5 22. Rfe1 Qd7 23. Qxd5+ Qxd5 24. cxd5 Rd8 25. Red1 Be4 26. Rd4 Bxd5 27. Rad1 Ke6 28. Re1+ Kd6 29. Rxd5+ Kxd5 30. Rxe7 Rd7 31. Re3 Rb7 32. b3 Nc6 33. h4 Nb4 34. Re2 Kd4 35. g4 Kd3 36. Kf1 Rc7 37. Re3+ Kd2 38. g5 hxg5 39. hxg5 g6 40. a3 Nd5 41. Rf3 $19 Nc3 42. Rf6 Rg7 43. Ra6 Kc2 44. b4 Kb3 45. Kg2 Na4 46. Rd6 Kxa3 47. Rd4 Rb7 48. Rd6 Rb6 49. Rd7 a6 50. f4 Kxb4 51. Kf3 Nc5 52. Rd4+ Kc3 53. Rd5 Kc4 54. Re5 a5 55. Kg4 a4 56. f5 a3 57. fxg6 Rxg6 58. Kf5 a2 59. Re1 Rg8 60. g6 Nd7 61. Kg5 Nf8 62. Kf6 Rxg6+ 63. Kf7 Ra6 64. Kxf8 a1=Q 65. Rxa1 Rxa1 66. Kg7 Ra6 67. Kh7 Kd5 68. Kg7 Ke5 69. Kh7 Kf6 70. Kh6 Ra5 71. Kh7 Rh5+ 0-1

[Event "WCCC U12 2019"]
[Site "Weifang"]
[Date "2019.08.29"]
[Round "8.9"]
[White "Khubukshanov, Erdem"]
[Black "Li, Shanglin"]
[Result "1-0"]
[ECO "B12"]
[WhiteElo "2257"]
[BlackElo "1919"]
[Annotator "RC"]
[PlyCount "73"]
[EventDate "2019.08.21"]
[EventType "swiss"]
[EventCountry "CHN"]
[SourceTitle "playchess.com"]
[Source "ChessBase"]
[SourceQuality "1"]
[TimeControl "40/5400+30:1800+30"]

1. e4 c6 2. d4 d5 3. e5 c5 4. dxc5 e6 5. Nf3 Bxc5 6. Bd3 h6 7. O-O Nc6 8. a3 Nge7 9. b4 Bb6 10. Bb2 O-O 11. Nc3 Ng6 12. Bxg6 fxg6 13. Ne2 Ne7 14. Qd3 Bd7 15. c4 Qe8 16. c5 Bb5 17. Qd2 Bc7 18. Rfe1 Nf5 19. Ned4 Bd7 20. a4 g5 21. Nxf5 Rxf5 22. b5 Qf7 23. a5 g4 24. Nd4 Rxe5 25. b6 Rxe1+ 26. Qxe1 axb6 27. axb6 Rxa1 28. Qxa1 Be5 29. c6 bxc6 30. b7 Be8 31. Qa8 Qg6 32. Qa1 Qf7 33. Nxe6 Bb8 34. Nxg7 Bd7 35. Be5 Qf8 36. Bxb8 Qb4 37. Nh5 1-0

[Event "WCCC U12 2019"]
[Site "Weifang"]
[Date "2019.08.29"]
[Round "8.10"]
[White "Dev, Shah"]
[Black "Jin Yueheng"]
[Result "1/2-1/2"]
[ECO "D36"]
[WhiteElo "2161"]
[BlackElo "1832"]
[Annotator "ChessBase"]
[PlyCount "210"]
[EventDate "2019.08.21"]
[EventType "swiss"]
[EventCountry "CHN"]
[SourceTitle "playchess.com"]
[Source "ChessBase"]
[SourceQuality "1"]
[TimeControl "40/5400+30:1800+30"]

1. d4 d5 2. c4 e6 3. Nc3 Nf6 4. cxd5 exd5 5. Bg5 Be7 6. e3 c6 7. Bd3 O-O 8. Qc2 Nbd7 9. Nge2 Re8 10. f3 Nf8 11. O-O g6 12. Rad1 Ne6 13. Bh4 Ng7 14. Bf2 Be6 15. Kh1 Rc8 16. e4 Qa5 17. a3 Nd7 18. b4 Qc7 19. Rb1 Nb6 20. a4 dxe4 21. fxe4 f5 22. Bg3 Qd7 23. d5 fxe4 24. Nxe4 Nxd5 25. Qd2 Bf5 26. b5 Bf8 27. Ng5 Ne3 28. Rb3 h6 29. Rf3 Qd5 30. Nc1 Bc5 31. Bf4 hxg5 32. Bxe3 Bxe3 33. Rxe3 Rxe3 34. Qxe3 Re8 35. Qg1 Bh3 36. Bf1 Re1 37. Rxh3 g4 38. Rd3 Qf5 39. Rf3 gxf3 40. Bc4+ Re6 41. Nd3 cxb5 42. axb5 Qe4 43. Bxe6+ Nxe6 44. Nf2 fxg2+ 45. Qxg2 Qe1+ 46. Qg1 Qxg1+ 47. Kxg1 Nd4 48. b6 a5 49. Nd3 a4 50. Kf2 Nb3 51. Ke3 Kf7 52. Nb4 Ke6 53. Kd3 Na5 54. Kc3 Kd6 55. Nd3 Nc6 56. Nb2 a3 57. Nc4+ Kc5 58. Nxa3 Kxb6 59. Kc4 Kc7 60. Kd5 Kd7 61. Nb5 Nd8 62. Nd6 Ke7 63. Ne4 Ne6 64. Nc3 Nf8 65. Ke5 Nd7+ 66. Kf4 Kf6 67. h4 Kg7 68. Kg5 Nc5 69. Nb5 Ne6+ 70. Kg4 Kh6 71. Nd6 b6 72. Nb5 Nc5 73. Nd6 Nd7 74. Nf7+ Kg7 75. Nd6 Ne5+ 76. Kf4 Nf7 77. Nb5 Kh6 78. Kg4 Ne5+ 79. Kf4 Nd7 80. Nd4 Kh5 81. Kg3 Nc5 82. Ne2 Ne6 83. Nc3 Nd4 84. Nd5 b5 85. Nf4+ Kh6 86. Kf2 Nf5 87. Ng2 Kg7 88. Ke2 Kf6 89. Kd3 Ke5 90. Kc3 Kd6 91. Kb4 Kc6 92. Kc3 Kc5 93. Kb3 Nd4+ 94. Kb2 Nf5 95. Kb3 Kb6 96. Kb4 Ka6 97. Nf4 Nxh4 98. Ne6 Kb6 99. Nd4 g5 100. Nxb5 g4 101. Nd4 g3 102. Ne2 g2 103. Kc4 Nf3 104. Kd3 Kc5 105. Ke3 Nd4 1/2-1/2

[Event "WCCC U12 2019"]
[Site "Weifang"]
[Date "2019.08.30"]
[Round "9.2"]
[White "Chen, Jonathan"]
[Black "Ochirbat, Lkhagvajamts"]
[Result "0-1"]
[ECO "D31"]
[WhiteElo "1948"]
[BlackElo "2137"]
[Annotator "ChessBase"]
[PlyCount "184"]
[EventDate "2019.08.21"]
[EventType "swiss"]
[EventCountry "CHN"]
[SourceTitle "playchess.com"]
[Source "ChessBase"]
[SourceQuality "1"]
[TimeControl "40/5400+30:1800+30"]

1. d4 d5 2. c4 e6 3. Nc3 a6 4. cxd5 exd5 5. Bf4 Nf6 6. e3 c6 7. Bd3 Be6 8. Nge2 Nbd7 9. Qc2 Be7 10. O-O O-O 11. f3 h6 12. Bg3 Nh5 13. Bf2 f5 14. Ng3 Nxg3 15. Bxg3 Rf7 16. Rad1 Bg5 17. Qe2 Qb6 18. Bf2 Re8 19. Na4 Qb4 20. b3 Qf8 21. Rfe1 Bd8 22. Rb1 Ba5 23. Rec1 Bb4 24. Qc2 Qe7 25. Nb2 Rff8 26. Bf1 Ba3 27. Rd1 Rc8 28. Nd3 c5 29. dxc5 Nxc5 30. Qd2 Nxd3 31. Bxd3 Bb4 32. Qe2 Rc6 33. Be1 Rfc8 34. Bxb4 Qxb4 35. Qd2 Qe7 36. Rdc1 Qc7 37. Rxc6 Qxc6 38. Rb2 Qc1+ 39. Qxc1 Rxc1+ 40. Kf2 Rd1 41. Be2 Rc1 42. Rd2 Kf7 43. Bd1 Ke7 44. Ke2 Kd6 45. b4 b6 46. Bb3 Ke5 47. h3 g5 48. Kf2 f4 49. exf4+ gxf4 50. g3 fxg3+ 51. Kxg3 Rg1+ 52. Kf2 Rg7 53. Re2+ Kd6 54. Rd2 Ke5 55. Re2+ Kd6 56. Rd2 a5 57. bxa5 bxa5 58. Rd4 Kc5 59. Ra4 Kb5 60. Rd4 Kc5 61. Ra4 Kb5 62. Rd4 Kc5 63. Ra4 Ra7 64. Rh4 Bd7 65. Rxh6 a4 66. Bc2 Rb7 67. Rh7 Rb2 68. Rxd7 Rxc2+ 69. Ke3 Rxa2 70. Ra7 a3 71. Rc7+ Kb5 72. Ra7 Ra1 73. Kd2 Kc4 74. Kc2 Kd4 75. h4 Ke3 76. h5 d4 77. Re7+ Kf2 78. Ra7 a2 79. Kb2 Rh1 80. Rxa2 d3 81. h6 Rxh6 82. Ra8 Re6 83. Rd8 Ke2 84. Kc3 Rc6+ 85. Kb2 d2 86. Re8+ Kxf3 87. Rf8+ Ke2 88. Re8+ Kd1 89. Rd8 Rb6+ 90. Kc3 Kc1 91. Ra8 d1=Q 92. Ra1+ Rb1 0-1

[Event "WCCC U12 2019"]
[Site "Weifang"]
[Date "2019.08.30"]
[Round "9.3"]
[White "Wang, Alex Yuxuan"]
[Black "Chen, Yuan"]
[Result "0-1"]
[ECO "E04"]
[WhiteElo "1713"]
[BlackElo "1884"]
[Annotator "NA"]
[PlyCount "70"]
[EventDate "2019.08.21"]
[EventType "swiss"]
[EventCountry "CHN"]
[SourceTitle "playchess.com"]
[Source "ChessBase"]
[SourceQuality "1"]
[TimeControl "40/5400+30:1800+30"]

1. Nf3 Nf6 2. g3 d5 3. Bg2 c5 4. O-O Nc6 5. d4 e6 6. c4 dxc4 7. Qa4 cxd4 8. Nxd4 Qxd4 9. Bxc6+ Bd7 10. Rd1 Bxc6 11. Qxc6+ bxc6 12. Rxd4 Nd7 13. Rxc4 c5 14. Be3 Be7 15. Nd2 O-O 16. Rac1 Rab8 17. b3 f5 18. f4 Rb7 19. Nf3 Rd8 20. Bf2 Rb5 21. R4c2 Rc8 22. Ne5 Nxe5 23. fxe5 Kf7 24. Rc4 a5 25. R1c3 g5 26. a4 Rb4 27. Rxb4 axb4 28. Rc4 Ke8 29. Kg2 Kd7 30. Kf3 Kc6 31. e4 Rd8 32. Ke2 fxe4 33. Rxe4 Kd5 34. Rc4 Rc8 35. h4 h6 0-1

[Event "WCCC U12 2019"]
[Site "Weifang"]
[Date "2019.08.30"]
[Round "9.4"]
[White "Ji, Jiadong"]
[Black "Navumenka, Mikhei"]
[Result "1-0"]
[ECO "C14"]
[WhiteElo "1703"]
[BlackElo "2148"]
[Annotator "ChessBase"]
[PlyCount "67"]
[EventDate "2019.08.21"]
[EventType "swiss"]
[EventCountry "CHN"]
[SourceTitle "playchess.com"]
[Source "ChessBase"]
[SourceQuality "1"]
[TimeControl "40/5400+30:1800+30"]

1. e4 e6 2. d4 d5 3. Nc3 Nf6 4. Bg5 Be7 5. e5 Ne4 6. Nxe4 dxe4 7. Bxe7 Qxe7 8. c3 O-O 9. Qc2 f5 10. exf6 Qxf6 11. O-O-O Bd7 12. Qxe4 Bc6 13. Qe3 Nd7 14. f3 b5 15. Nh3 Rab8 16. Bd3 Bd5 17. Ng5 h6 18. Ne4 Qf7 19. Nd2 Rfc8 20. Be4 c5 21. Kb1 a5 22. Rhe1 a4 23. Bxd5 exd5 24. Qe6 b4 25. Qxf7+ Kxf7 26. c4 cxd4 27. cxd5 Rb5 28. d6 Rd5 29. Re7+ Kf8 30. Rxd7 d3 31. Rb7 Rxd6 32. Rxb4 Re8 33. Ne4 Rg6 34. g4 1-0

[Event "WCCC U12 2019"]
[Site "Weifang"]
[Date "2019.08.30"]
[Round "9.5"]
[White "Park, Evan"]
[Black "Dang, Anh Minh"]
[Result "1/2-1/2"]
[ECO "B33"]
[WhiteElo "2078"]
[BlackElo "1891"]
[Annotator "NA"]
[PlyCount "101"]
[EventDate "2019.08.21"]
[EventType "swiss"]
[EventCountry "CHN"]
[SourceTitle "playchess.com"]
[Source "ChessBase"]
[SourceQuality "1"]
[TimeControl "40/5400+30:1800+30"]

1. e4 c5 2. Nf3 Nc6 3. d4 cxd4 4. Nxd4 Qb6 5. Nb3 Nf6 6. Nc3 e6 7. Qe2 Bb4 8. Bd2 O-O 9. a3 {[%emt 0:00:06] B33: Sicilian: Pelikan and Sveshnikov Variations} Be7 10. e5 Ne8 11. O-O-O Qc7 12. f4 a6 13. h4 $146 ({Predecessor:} 13. g3 b5 14. Bg2 Rb8 15. Ne4 a5 16. Be3 a4 {0-1 (115) Ivanchuk,V (2764)-Polgar,J (2686) Mexico City 2010}) 13... d6 14. exd6 Nxd6 15. Ne4 b5 16. Ng5 Bf6 17. Qd3 g6 18. Bc3 Nc4 19. Bxf6 Qxf4+ 20. Nd2 Nxd2 21. Qxd2 Qxf6 22. h5 Ra7 23. Bd3 Ne5 24. Rdf1 Nxd3+ 25. cxd3 Qd4 26. hxg6 Qc5+ 27. Kb1 fxg6 28. Rxf8+ Qxf8 29. Qe3 Re7 30. Rh3 Bb7 $19 31. Nf3 Qf5 32. Rh4 Bxf3 33. Rf4 Qd5 34. Rd4 Qc6 35. gxf3 Rd7 36. Re4 Rd6 37. Re5 Qd7 38. d4 Qf7 39. f4 Qd7 40. Re4 Kf7 41. Qh3 h5 42. Qe3 Qc6 43. f5 gxf5 44. Rh4 Qg2 45. Qh6 Rc6 46. Rxh5 Ke7 47. Qh8 Qf1+ 48. Ka2 Qc4+ 49. Ka1 Qc1+ 50. Ka2 Qc4+ 51. Ka1 1/2-1/2

[Event "WCCC U12 2019"]
[Site "Weifang"]
[Date "2019.08.30"]
[Round "9.6"]
[White "Zhang, Di"]
[Black "Khubukshanov, Erdem"]
[Result "0-1"]
[ECO "A37"]
[WhiteElo "1952"]
[BlackElo "2257"]
[Annotator "ChessBase"]
[PlyCount "66"]
[EventDate "2019.08.21"]
[EventType "swiss"]
[EventCountry "CHN"]
[SourceTitle "playchess.com"]
[Source "ChessBase"]
[SourceQuality "1"]
[TimeControl "40/5400+30:1800+30"]

1. Nf3 c5 2. g3 g6 3. Bg2 Bg7 4. c4 Nc6 5. O-O e6 6. Nc3 Nge7 7. e3 Nf5 8. b3 O-O 9. Bb2 b6 10. d3 Bb7 11. Qd2 d5 12. cxd5 exd5 13. Ne2 d4 14. exd4 cxd4 15. Rfe1 Qd7 16. g4 Nfe7 17. h3 Rfe8 18. Rac1 Rac8 19. b4 a6 20. a3 h6 21. Nf4 Qd6 22. Re2 h5 23. Rce1 Bh6 24. g5 Bg7 25. Bc1 Na7 26. Qd1 Nb5 27. Qb3 Rxc1 28. Rxc1 Qxf4 29. Rce1 Bxf3 30. Bxf3 Nc3 31. Bg2 Nxe2+ 32. Rxe2 Qc1+ 33. Kh2 Be5+ 0-1

[Event "WCCC U12 2019"]
[Site "Weifang"]
[Date "2019.08.30"]
[Round "9.9"]
[White "Shahil Dey"]
[Black "Xue, Haowen"]
[Result "0-1"]
[ECO "B66"]
[WhiteElo "2207"]
[BlackElo "1917"]
[Annotator "ChessBase"]
[PlyCount "70"]
[EventDate "2019.08.21"]
[EventType "swiss"]
[EventCountry "CHN"]
[SourceTitle "playchess.com"]
[Source "ChessBase"]
[SourceQuality "1"]
[TimeControl "40/5400+30:1800+30"]

1. e4 c5 2. Nf3 Nc6 3. d4 cxd4 4. Nxd4 Nf6 5. Nc3 d6 6. Bg5 e6 7. Qd2 a6 8. f4 h6 9. Bh4 Nxe4 10. Nxe4 Qxh4+ 11. g3 Qd8 12. Bg2 d5 13. Nc3 Be7 14. O-O-O O-O 15. Kb1 Bd7 16. Rhe1 Nxd4 17. Qxd4 Bf6 18. Qd2 Qb6 19. Qe3 Qxe3 20. Rxe3 Bc6 21. Red3 Bxc3 22. bxc3 g6 23. Re1 h5 24. h3 Kg7 25. g4 hxg4 26. hxg4 Rae8 27. Rde3 b5 28. a4 bxa4 29. Ka2 Rh8 30. c4 Rh2 31. R3e2 Rc8 32. cxd5 Rxg2 33. dxc6 Rxg4 34. Re4 Rxc6 35. R1e2 g5 0-1